 Dungeon Crawl Stone Soup version 0.30-a0-125-g51eefa89be (webtiles) character file.

Game seed: 9614586547428773034

9864 Dreamer the Martial Artist (level 11, -3/82 HPs)
             Began as an Octopode Transmuter on Sept 18, 2022.
             Was a High Priest of Cheibriados.
             Slain by an orc warrior
             ... wielding a +0 dire flail
              (10 damage)
             ... on level 12 of the Dungeon.
             The game lasted 00:58:26 (16067 turns).

Dreamer the Martial Artist (Octopode Transmuter)   Turns: 16067, Time: 00:58:26

Health: -3/82      AC: 14    Str: 21    XL:     11   Next: 53%
Magic:  20/23      EV: 13    Int: 30    God:    Cheibriados [*****.]
Gold:   502        SH:  0    Dex: 24    Spells: 19/27 levels left

rFire   x . .      SeeInvis .      - Unarmed
rCold   + + +      Faith    .    (shield currently unavailable)
rNeg    . . .      Spirit   .    (helmet currently unavailable)
rPois   +          Reflect  .    (no amulet)
rElec   .          Harm     .    k - ring of willpower
rCorr   .          Rampage  .    u - ring of wizardry
Will    +....                    v - +4 ring of protection
Stlth   ++........               (no ring)
HPRegen 0.23/turn                (no ring)
MPRegen 0.18/turn                (no ring)
                                 (no ring)
                                 (no ring)

@: ice-form, very slow
A: freezing attack, boosted hp, almost no armour, amphibious, 8 rings, large,
(camouflage 1), (gelatinous body 1), (nimble swimmer 1), (tentacles)
a: End Transformation, Renounce Religion, Bend Time, Temporal Distortion,
Slouch, Step From Time


You were on level 12 of the Dungeon.
You worshipped Cheibriados.
Cheibriados was extremely pleased with you.
You were a creature of crystalline ice.
You visited 2 branches of the dungeon, and saw 13 of its levels.

You collected 712 gold pieces.
You spent 210 gold pieces at shops.

Inventory:

Armour
 x - a +0 kite shield (melded)
Jewellery
 f - a ring of flight
 k - a ring of willpower (left front paw)
 u - a ring of wizardry (right front paw)
 v - a +4 ring of protection (on tentacle)
 H - a ring of ice
Wands
 a - a wand of roots (11)
 B - a wand of flame (47)
 C - a wand of digging (11)
 F - a wand of mindburst (7)
 G - a wand of quicksilver (5)
Scrolls
 b - 3 scrolls of blinking
 e - a scroll of silence
 g - 3 scrolls of enchant armour
 h - 8 scrolls of immolation
 l - 2 scrolls of amnesia
 o - 4 scrolls of fear
 p - 5 scrolls of vulnerability
 r - 3 scrolls of poison
 s - 3 scrolls of magic mapping
 t - a scroll of brand weapon {unknown}
 w - 5 scrolls of noise
 y - 4 scrolls of teleportation
Potions
 d - 3 potions of might
 i - 3 potions of curing
 j - a potion of attraction
 m - a potion of lignification
 n - 2 potions of haste
 q - a potion of heal wounds
 z - 2 potions of brilliance
 A - a potion of cancellation
 D - a potion of flight
 E - 2 potions of magic


   Skills:
 + Level 4.2 Fighting
 + Level 4.7 Dodging
 + Level 4.1 Shields
 * Level 9.4 Unarmed Combat
 * Level 8.7 Spellcasting
 - Level 8.1 Transmutations
 - Level 2.0 Ice Magic
 + Level 6.2 Invocations


You had 19 spell levels left.
You knew the following spells:

 Your Spells              Type           Power      Damage    Failure   Level
a - Beastly Appendage     Tmut           100%       N/A       1%          1
b - Spider Form           Tmut/Pois      37%        N/A       1%          3
c - Ice Form              Ice/Tmut       43%        N/A       1%          4

Your spell library contained the following spells:

 Spells                   Type           Power      Damage    Failure   Level
 Necrotise                Necr           52%        1d6       1%          1
 Sting                    Tmut/Pois      100%       1d8       1%          1
 Wereblood                Tmut           58%        N/A       1%          2
 Ignite Poison            Fire/Tmut/Pois 29%        N/A       1%          3
 Poisonous Vapours        Pois/Air       26%        N/A       2%          2
 Inner Flame              Hex/Fire       13%        N/A       4%          3
 Vampiric Draining        Necr           13%        2d6       4%          3
 Cause Fear               Hex            6%         N/A       16%         4
 Olgreb's Toxic Radiance  Pois           13%        N/A       16%         4
 Sticky Flame             Conj/Fire      13%        2d4       16%         4
 Agony                    Necr           13%        N/A       38%         5
 Discord                  Hex            6%         N/A       100%        8


Dungeon Overview and Level Annotations

Branches:
Dungeon (12/15)            Temple (1/1) D:4             Orc (0/2) D:12
   Lair: D:8-11

Altars:
Ashenzari
Cheibriados
Dithmenos
Elyvilon
Fedhas
Gozag
Hepliaklqana
Kikubaaqudgha
Makhleb
Nemelex Xobeh
Okawaru
Qazlal
Ru
Sif Muna
Trog
Uskayaw
Vehumet
Wu Jian
Xom
Yredelemnul
Zin
The Shining One

Shops:
D:8 ?   D:12 *

Annotations:
D:7 3 runed translucent doors, exclusion: 3 doors, Destapler's ghost, novice DEEE; Dreamer's ghost, novice OpTm; Yosebu's ghost, novice MfGl; jehirs's ghost, novice DrBe
D:9 exclusion: steam dragon


Innate Abilities, Weirdness & Mutations

You are a creature of crystalline ice.
You have a powerful freezing melee attack.
Your maximum health is increased.
Your armour is entirely melded.
You are incapable of wielding weapons or throwing items.
You cannot wear most types of armour.
You are amphibious.
You can wear up to eight rings at the same time.
((Your skin changes colour to match your surroundings (Stealth+).))
((Your rubbery body absorbs attacks. (AC +1, EV +1)))
((You are camouflaged when in or above water. (Stealth+)))
((You have tentacles for arms and can constrict up to eight enemies at once.))


Message History

Found a wand of flame (6).
Found a scroll of enchant armour.
You see here a scroll of enchant armour.
You see here a scroll of enchant armour.
g - 3 scrolls of enchant armour (gained 1)
You hear the thunderous beating of a distant drum.
An orc comes into view. It is wielding a +0 dagger.
The orc moves out of view.
You turn into a creature of crystalline ice.
Your +0 kite shield melds into your body.
The orc warrior shouts!
Something hits you.
You closely miss something. Something hits you.
Something hits you but does no damage. x2
Something hits you but does no damage. Something hits you.
The orc closely misses you. The orc warrior closely misses you.
The orc hits you with a +0 dagger.
You punch the orc! You freeze the orc.
You kill the orc!
Cheibriados thoroughly appreciates the change of pace.
Something hits you!
The orc warrior hits you with a +0 dire flail.
* * * LOW HITPOINT WARNING * * *
You barely miss the orc warrior. Something hits you but does no damage.
The orc warrior barely misses you. Something hits you.
* * * LOW HITPOINT WARNING * * *
The orc warrior hits you with a +0 dire flail.
* * * LOW HITPOINT WARNING * * *
The orc warrior complains repeatedly.
The orc warrior hits you with a +0 dire flail!
* * * LOW HITPOINT WARNING * * *
You punch the orc warrior! You freeze the orc warrior.
The orc warrior is heavily wounded.
Something completely misses you. Something barely misses you.
You hit the orc warrior. You freeze the orc warrior.
The orc warrior is almost dead.
Something hits you but does no damage.
The orc warrior hits you with a +0 dire flail!
You die...

*,****,*****,,,,,,**,,,,,,,,,,>,,
*,* **,**,,,,,#..##...,,,,,,,,,,
*** *,,....,,.......,,,,,,,,,,,
**,....,,......,,..,,,,,,,,
*****,**#...,#....#*...,,,,,,,,
*,,,,,* *#..,#....##...,,,,,,,,
****,,*###...#.........**,,,,,,
*,,,#.....#.........**,,,,**
*,,,......)Yo.......,,,,,,**
*,,,................,,,,,,,, **
***,,,....####.{......,,*****,
,***,,,,,..#** #........,,** **
*,,***,,,.** #........#,,****,
***,,,,,*,,* ###...............,
***,,,,**,####.....#..........,.
*,,,*,,,,.#........##..#*....**.
*****,,,,.........###..#*...#**#


You could see an orc warrior.

Vanquished Creatures
  2 two-headed ogres
  An efreet (D:12)
  A komodo dragon (D:9)
  A kobold demonologist (D:10)
  Prince Ribbit (D:8)
  Grinder (D:5)
  A vampire (D:10)
  A wraith (D:10)
  5 yaks (D:8)
  Eustachio (D:6)
  3 humans
  A warg (D:12)
  8 vampire mosquitoes (D:12)
  2 water moccasins (D:7)
  An acid dragon (D:9)
  Duvessa (D:5)
  3 black bears
  4 orc warriors
  2 sky beasts
  2 ice beasts
  3 ogres
  3 centaurs
  A phantom (D:5)
  2 kobold brigands (D:9)
  3 bullfrogs
  A necrophage (D:4)
  A scorpion (D:5)
  17 wights
  Dowan (D:5)
  4 howler monkeys
  An electric eel (D:9)
  A crimson imp (D:9)
  A bullfrog zombie (D:7)
  4 hounds
  4 jellies
  9 orc priests
  A gnoll bouda (D:8)
  Crazy Yiuf (D:3)
  2 iguanas
  11 orc wizards
  A howler monkey zombie (D:7)
  Robin (D:2)
  12 gnolls
  15 adders
  3 shadow imps
  3 worms
  The ghost of fly the Sneak, a weakling DgDe (D:4)
  2 dart slugs
  34 orcs
  6 ball pythons
  9 endoplasms
  2 giant cockroaches
  15 goblins
  6 hobgoblins
  4 jackals (D:4)
  20 kobolds
  4 quokkas
  4 bats
  8 frilled lizards
  3 rats
266 creatures vanquished.

Vanquished Creatures (others)
  An orc (D:9)
  2 withered plants (D:7)
3 creatures vanquished.

Grand Total: 269 creatures vanquished

Notes
Turn   | Place    | Note
-------+----------+-------------------------------------------
     0 | D:1      | Dreamer the Octopode Transmuter began the quest for the
                  | Orb.
     0 | D:1      | Reached XP level 1. HP: 13/13 MP: 3/3
   341 | D:1      | Reached XP level 2. HP: 13/18 MP: 5/5
   699 | D:1      | Reached XP level 3. HP: 10/23 MP: 7/7
   890 | D:1      | Learned a level 3 spell: Spider Form
  1498 | D:2      | Reached XP level 4. HP: 28/28 MP: 8/8
  1538 | D:2      | Noticed Robin
  1550 | D:2      | Killed Robin
  2171 | D:2      | Reached XP level 5. HP: 33/33 MP: 10/10
  2190 | D:2      | Identified the +1 leather armour of the Catfish {rN+ rCorr
                  | SInv}
  2672 | D:3      | Found an opulent altar of Gozag.
  3178 | D:3      | Found a shadowy altar of Dithmenos.
  3241 | D:3      | Found a runed translucent door.
  3242 | D:3      | Noticed Crazy Yiuf
  3418 | D:3      | Reached XP level 6. HP: 20/38 MP: 11/11
  3689 | D:3      | Learned a level 4 spell: Ice Form
  3869 | D:3      | Found a faded altar of an unknown god.
  4041 | D:4      | Reached skill level 4 in Unarmed Combat
  4248 | D:4      | Found an ornate altar of the Wu Jian Council.
  4280 | D:4      | Reached skill level 5 in Transmutations
  4617 | D:4      | Found a staircase to the Ecumenical Temple.
  4629 | Temple   | Entered the Ecumenical Temple
  4963 | D:4      | Found a runed translucent door.
  4966 | D:4      | Noticed fly's ghost (weakling DgDe)
  5017 | D:4      | Reached skill level 1 in Ice Magic
  5017 | D:4      | Reached XP level 7. HP: 20/43 MP: 10/13
  5399 | D:4      | Found a snail-covered altar of Cheibriados.
  5413 | D:4      | Became a worshipper of Cheibriados the Contemplative
  5490 | D:4      | Found a white marble altar of Elyvilon.
  5716 | D:4      | Killed fly's ghost
  5921 | D:3      | Killed Crazy Yiuf
  6079 | D:5      | Entered Level 5 of the Dungeon
  6093 | D:5      | Found a blossoming altar of Fedhas.
  6181 | D:5      | Reached skill level 5 in Unarmed Combat
  6187 | D:5      | Reached XP level 8. HP: 32/48 MP: 10/15
  6413 | D:5      | Reached skill level 5 in Spellcasting
  6609 | D:5      | Noticed Grinder
  6688 | D:5      | Noticed Dowan
  6700 | D:5      | Noticed Duvessa
  6712 | D:5      | Killed Duvessa
  6896 | D:5      | Killed Dowan
  6980 | D:5      | Reached * piety under Cheibriados
  7298 | D:5      | Found a broken altar of Ashenzari.
  7695 | D:6      | Reached skill level 1 in Invocations
  7707 | D:5      | Reached skill level 6 in Unarmed Combat
  8180 | D:6      | Reached XP level 9. HP: 53/53 MP: 9/17
  8181 | D:6      | Noticed Eustachio
  8275 | D:6      | Killed Eustachio
  9406 | D:5      | Killed Grinder
  9466 | D:5      | Reached skill level 7 in Unarmed Combat
  9910 | D:7      | Reached ** piety under Cheibriados
 10243 | D:7      | Reached skill level 1 in Shields
 10465 | D:7      | Reached XP level 10. HP: 46/60 MP: 17/20
 10679 | D:7      | Found a basalt altar of Yredelemnul.
 10751 | D:7      | Found a runed translucent gate.
 10753 | D:7      | Noticed Yosebu's ghost (novice MfGl)
 10754 | D:7      | Found a runed translucent gate.
 10754 | D:7      | Found a runed translucent gate.
 10754 | D:7      | Noticed Dreamer's ghost (novice OpTm)
 10754 | D:7      | Noticed Destapler's ghost (novice DEEE)
 10756 | D:7      | Noticed jehirs's ghost (novice DrBe)
 10878 | D:7      | Reached *** piety under Cheibriados
 11320 | D:7      | Found a hazy altar of Hepliaklqana.
 11673 | D:8      | Reached skill level 8 in Unarmed Combat
 11995 | D:8      | Noticed Prince Ribbit
 12024 | D:8      | Killed Prince Ribbit
 12025 | D:8      | Reached skill level 5 in Invocations
 12108 | D:8      | Reached **** piety under Cheibriados
 12232 | D:8      | Found an ancient bone altar of Kikubaaqudgha.
 12237 | D:8      | Found a shimmering blue altar of Sif Muna.
 12442 | D:8      | Found an iron altar of Okawaru.
 12616 | D:8      | Found Myilifenk's Magic Scroll Shoppe.
 12622 | D:8      | Bought a scroll of vulnerability for 56 gold pieces
 12622 | D:8      | Bought a scroll of noise for 14 gold pieces
 12622 | D:8      | Bought a scroll of fear for 56 gold pieces
 12622 | D:8      | Bought a scroll of identify for 28 gold pieces
 12622 | D:8      | Bought a scroll of poison for 56 gold pieces
 13136 | D:9      | Noticed a two-headed ogre
 13150 | D:8      | Killed a two-headed ogre
 13580 | D:9      | Reached XP level 11. HP: 67/67 MP: 19/23
 14267 | D:9      | Found a shimmering altar of Xom.
 14268 | D:9      | Found a burning altar of Makhleb.
 14808 | D:10     | Entered Level 10 of the Dungeon
 15162 | D:10     | Found a glowing golden altar of the Shining One.
 15248 | D:10     | Reached skill level 9 in Unarmed Combat
 15297 | D:10     | Noticed a two-headed ogre
 15304 | D:10     | Killed a two-headed ogre
 15742 | D:11     | Noticed a cyan ugly thing
 15742 | D:11     | Noticed a centaur warrior
 15742 | D:11     | Noticed a centaur warrior
 15997 | D:12     | Reached ***** piety under Cheibriados
 16003 | D:12     | Found Cuyschisk's Gadget Gallery.
 16067 | D:12     | Slain by an orc warrior

Illustrated notes

Levels and vault maps discovered:
D:1:      spicycebolla_arrival_risky_transporter, layout_basic
D:2:      layout_loops_corners, minmay_lizard_pond, uniq_robin
D:3:      layout_rooms, nicolae_dithmenos_through_a_glass_darkly,
          mainiacjoe_overflow_concentric_impassable,
          hellmonk_ecumenical_altar_leap_of_faith, uniq_crazy_yiuf_cottage
D:4:      layout_loops_cross, mainiacjoe_overflow_alcove_1,
          cheibrodos_worm_habitat, nzn_wu_jian_council_hall,
          minmay_temple_entry_glassed_door, ebering_ghost_sewer_d
D:5:      layout_basic, lemuel_coloured_pillars_altar, fedhas_ov_isle_minmay,
          uniq_grinder, uniq_duvessa
D:6:      layout_gridville, nicolae_eternal_life, uniq_eustachio
D:7:      layout_loops_ring, nzn_hepliaklqana_mist_gate,
          lemuel_zombie_altar_yredelemnul, gammafunk_ghost_cemetery
D:8:      layout_basic, mainiacjoe_overflow_six_doors_small, okawaru_humans,
          amcnicky_altar_gilded, serial_shops, kennysheep_little_box,
          uniq_prince_ribbit1
D:9:      layout_basic, grunt_temple_overflow_champion_of_chaos,
          kennysheep_path_1
D:10:     layout_small_grid, mainiacjoe_overflow_chevrons
D:11:     minmay_tile_spiral, layout_long_grid, erik_lair_dragon, minivault_28,
          uniq_sonja, uniq_erolcha, uniq_erica, uniq_snorg, uniq_josephine
D:12:     layout_layer_cave, erik_orc_4, gauntlet_entry_generic,
          nicolae_shop_gadgets
Temple:   nicolae_temple_bog_church

Skill      XL: |  1  2  3  4  5  6  7  8  9 10 11 |
---------------+----------------------------------+-----
Spellcasting   | 3 4 5 6 8 |  8.7
Transmutations | 3 4 5 6 7 8 |  8.1
Unarmed Combat | 4 5 6 7 8 9 |  9.4
Ice Magic      | 1 2 |  2.0
Invocations    | 2 4 5 6 |  6.2
Shields        | 1 3 4 |  4.1
Fighting       | 3 4 |  4.2
Dodging        | 4 |  4.7

Action                   |  1- 3 |  4- 6 |  7- 9 | 10-12 || total
-------------------------+-------+-------+-------+-------++-------
Melee: Short sword       |    11 |       |       |       ||    11
       Unarmed           |     7 |     4 |   239 |   303 ||   553
       Constrict         |    16 |    31 |     7 |     1 ||    55
       Punch             |     1 |     6 |       |     1 ||     8
       Whip              |    47 |   143 |    27 |       ||   217
       Tentacles         |    14 |    24 |     8 |     1 ||    47
 Cast: Spider Form       |       |     3 |       |       ||     3
       Ice Form          |       |       |    31 |    32 ||    63
       Beastly Appendage |       |       |     1 |       ||     1
  Use: Potion            |       |     1 |       |     4 ||     5
       Scroll            |       |       |     6 |    12 ||    18
 Stab: Sleeping          |     2 |     5 |     5 |     2 ||    14
Armor: Skin              |    12 |    18 |   126 |   138 ||   294
Dodge: Dodged            |    39 |    65 |   148 |   175 ||   427
Block: Kite shield       |       |       |       |     4 ||     4

Table legend: (Time is in decaauts)
 A = Elapsed time spent in this place.
 B = Non-inter-level travel time spent in this place.
 C = Inter-level travel time spent in this place.
 D = Time resting spent in this place.
 E = Time spent auto-exploring this place.
 F = Levels seen in this place.
 G = Mean time per level.
                   A        B        C        D        E       F      G
               +--------+--------+--------+--------+--------+-----+--------+
         Total |  18774 |  17431 |   1343 |   5664 |   7985 |  13 | 1444.2 |
       Dungeon |  18609 |  17275 |   1334 |   5664 |   7890 |  12 | 1550.8 |
        Temple |    164 |    155 |      9 |      0 |     95 |   1 |  164.0 |
               +--------+--------+--------+--------+--------+-----+--------+

Top non-repeatable levels by time:
     D:5: 2612 daAuts
     D:8: 2558 daAuts
     D:7: 1869 daAuts
     D:6: 1834 daAuts
     D:9: 1710 daAuts
     D:4: 1665 daAuts
     D:3: 1656 daAuts
     D:2: 1544 daAuts
     D:1: 1385 daAuts
    D:10: 1284 daAuts
    D:12: 357 daAuts
  Temple: 164 daAuts
    D:11: 129 daAuts
